 Dungeon Crawl Stone Soup version 0.26-a0-1107-g6118521029 (webtiles) character file.

Game seed: 16692445044413529940

18 Dracia the Slasher (level 2, -7/36 HPs)
             Began as a Demonspawn Chaos Knight on Dec 16, 2020.
             Was a Plaything of Xom.
             Mangled by a moth of wrath (glowing shapeshifter) (20 damage)
             ... on level 2 of the Dungeon.
             The game lasted 00:01:33 (1417 turns).

Dracia the Slasher (Demonspawn Chaos Knight)        Turns: 1417, Time: 00:01:34

Health: -7/36      AC:  5    Str: 12    XL:     2   Next: 48%
Magic:  2/2        EV: 11    Int: 13    God:    Xom [..*...]
Gold:   79         SH:  0    Dex: 12    Spells: 1/1 levels left

rFire    . . .     SeeInvis .   a - +0 falchion (chaos)
rCold    . . .     Faith    .   (no shield)
rNeg     . . .     Spirit   .   b - +2 leather armour
rPois    .         Reflect  .   (helmet restricted)
rElec    .         Harm     .   c - scarf {+Inv}
rCorr    .         Rampage  .   (no gloves)
Will     .....                  (no boots)
Stlth    ..........             (no amulet)
HPRegen  0.12/turn              (no ring)
MPRegen  0.08/turn              (no ring)

@: berserking, lethally poisoned (-7 -> -9), very quick
A: antennae 1
a: Renounce Religion, Evoke Invisibility


You were on level 2 of the Dungeon.
You worshipped Xom.
You were a toy of Xom.
You visited 1 branch of the dungeon, and saw 2 of its levels.

You collected 79 gold pieces.


Innate Abilities, Weirdness & Mutations

You have a pair of small antennae on your head.


   Skills:
 - Level 3.0 Fighting
 + Level 3.5 Long Blades
 - Level 1.7 Armour
 - Level 0.8 Dodging


You had one spell level left.
You didn't know any spells.
Your spell library was empty.

Inventory:

Hand Weapons
 a - a +0 falchion of chaos (weapon)
Armour
 b - a +2 leather armour (worn)
 c - a scarf of invisibility (worn)
Scrolls
 d - a scroll of fear {unknown}
 e - a scroll of blinking {unknown}
 f - a scroll of teleportation {unknown}
 g - a scroll of identify {unknown}
Potions
 h - a potion of invisibility {unknown}
 i - a potion of berserk rage {unknown}

Dungeon Overview and Level Annotations

Branches:
Dungeon (2/15)

Altars:

######.# .#
#####......# .######
#.......######.......
###.#.#.......######
...#.(####......#
#.#####g#.g# #...<#.#
##.....gr.gr#
##...#.#
........###{#
......#.# #.......#
#@#.......#.#
........#
#.....###.#.#
........#
#.#....<#.#..
.........
...>#...#.#..
......... ..... ..#.#
..##########...# .#
.. .# . . .. ..


You could see a quokka, a hobgoblin and a goblin.


Message History

You feel sick.
Found a stone staircase leading up.
You closely miss the adder. The adder barely misses you.
The adder bites you but does no damage.
You hit the adder.
The adder seems to speed up.
Xom is highly amused!
The adder is heavily wounded.
The adder barely misses you.
You riposte.
You hit the adder.
The adder changes into a glowing shapeshifter!
Xom is highly amused!
The glowing shapeshifter is heavily wounded.
You closely miss the glowing shapeshifter.
The glowing shapeshifter is heavily wounded.
You feel sick.
The glowing shapeshifter changes into a moth of wrath!
You hit the moth of wrath but do no damage.
The moth of wrath flickers and vanishes!
Deactivating autopickup; reactivate with Ctrl-A.
Something bites you!
Ouch! That really hurt!
* * * LOW HITPOINT WARNING * * *
Xom thinks this is hilarious!
Something infuriates you!
A red film seems to cover your vision as you go berserk!
You feel yourself moving faster!
You feel mighty!
Unknown command.
You slash something!
You feel better.
You closely miss something. Something bites you!!
Ouch! That really hurt!
You die...

Skill      XL: |  1 |
---------------+----+-----
Long Blades    | 3 |  3.5
Fighting       | |  3.0
Armour         | |  1.7
Dodging        | |  0.8

Action                   || total
-------------------------++-------
Melee: Falchion          ||    43
Armor: Leather armour    ||    15
Dodge: Dodged            ||    18
       Rpst.: Falchion   ||     8

Levels and vault maps discovered:
D:1:      lightli_arrival_isolated_outpost, layout_basic,
          serial_co_window_serial, co_window_paths_a, co_window_corner_a,
          co_window_paths_a, co_window_corner_a, co_window_paths_a,
          co_window_unsneaky_path_a, co_window_broadway_b, co_window_broadway_a,
          co_window_unsneaky_path_c, co_window_4corner_b, co_window_paths_d,
          glass_columns_b, glass_columns_b, glass_columns_b, glass_columns_b
D:2:      layout_basic, led_sif_pool, chequers_ecumenical_altar_lobes

Notes
Turn   | Place    | Note
-------+----------+-------------------------------------------
     0 | D:1      | Dracia the Demonspawn Chaos Knight began the quest for the
                  | Orb.
     0 | D:1      | Reached XP level 1. HP: 18/18 MP: 1/1
   159 | D:1      | Reached skill level 3 in Long Blades
   260 | D:1      | XOM: silly message
   357 | D:1      | You feel monstrous as your demonic heritage exerts itself.
   357 | D:1      | Gained mutation: You have a pair of small antennae on your
                  | head. [demonic ancestry]
   357 | D:1      | Reached XP level 2. HP: 24/24 MP: 2/2
  1006 | D:1      | XOM: cast spell 'Summon Small Mammal'
  1300 | D:1      | XOM: divination: magic mapping
  1409 | D:2      | XOM: potion effect (heal wounds)
  1413 | D:2      | Noticed a glowing shapeshifter
  1413 | D:2      | an adder changed into a glowing shapeshifter
  1414 | D:2      | Noticed a moth of wrath
  1414 | D:2      | a glowing shapeshifter changed into a moth of wrath
  1417 | D:2      | Mangled by a moth of wrath (glowing shapeshifter)

Vanquished Creatures
  A dart slug (D:1)
  2 leopard geckos (D:1)
  4 goblins (D:1)
  2 hobgoblins (D:1)
  3 kobolds (D:1)
  A rat (D:1)
13 creatures vanquished.

Table legend: (Time is in decaauts)
 A = Elapsed time spent in this place.
 B = Non-inter-level travel time spent in this place.
 C = Inter-level travel time spent in this place.
 D = Time resting spent in this place.
 E = Time spent auto-exploring this place.
 F = Levels seen in this place.
 G = Mean time per level.
                   A        B        C        D        E       F      G
               +--------+--------+--------+--------+--------+-----+--------+
         Total |   1424 |   1393 |     31 |      0 |   1280 |   2 |  712.0 |
       Dungeon |   1424 |   1393 |     31 |      0 |   1280 |   2 |  712.0 |
               +--------+--------+--------+--------+--------+-----+--------+

Top non-repeatable levels by time:
     D:1: 1389 daAuts
     D:2: 35 daAuts

Table legend:
 A = Non-vault XP
 B = Vault XP
 C = Vault XP percentage of total XP
 D = Non-vault monster count
 E = Vault monster count
 F = Vault count percentage of total count
                 A         B        C        D         E       F
            +---------+---------+-------+---------+---------+-------
      Total |      26 |       0 |   0.0 |      13 |       0 |   0.0
            +---------+---------+-------+---------+---------+-------
        D:1 |      26 |       0 |   0.0 |      13 |       0 |   0.0
            +---------+---------+-------+---------+---------+-------
